 Dungeon Crawl Stone Soup version 0.16.1-4-g8e1b745 (webtiles) character file.

7199 Psiweapon the Cleaver (level 11, -10/91 HPs)
             Began as a Hill Orc Fighter on Mar 27, 2015.
             Was a High Priest of Makhleb.
             Mangled by a shadow (27 damage)
             ... on level 10 of the Dungeon.
             The game lasted 00:36:23 (8161 turns).

Psiweapon the Cleaver (Hill Orc Fighter)            Turns: 8161, Time: 00:36:23

Health: -10/91     AC: 15    Str: 21    XL:     11   Next: 11%
Magic:  23/23      EV: 10    Int:  8    God:    Makhleb [*****.]
Gold:   474        SH: 12    Dex: 16    Spells: 0 memorised, 10 levels left

rFire  . . .     SeeInvis .     h - +1 flail (holy)
rCold  . . .     Clarity  .     b - +0 scale mail
rNeg   . . .     SustAb   .     c - +0 shield
rPois  .         Gourm    .     I - +2 helmet
rElec  .         Spirit   .     K - +0 cloak
rCorr  .         Warding  .     w - +0 pair of gloves
rMut   .         Stasis   .     (no boots)
MR     .....                    t - amulet of rage
Stlth  ..........               P - +4 ring of dexterity
                                v - +5 ring of slaying

@: very slightly contaminated, rotting, not resistant to hostile enchantments,
extremely unstealthy
A: spit poison 1
a: Spit Poison, Minor Destruction, Lesser Servant of Makhleb, Major Destruction,
Greater Servant of Makhleb, Renounce Religion, Evoke Berserk Rage


You were on level 10 of the Dungeon.
You worshipped Makhleb.
Makhleb was extremely pleased with you.
You were very hungry.

You visited 2 branches of the dungeon, and saw 11 of its levels.

You collected 474 gold pieces.

Inventory:

Hand weapons
 h - a +1 flail of holy wrath (weapon)
 y - a +1 vampiric spear
 N - a +0 blowgun
 Z - a +0 broad axe
Missiles
 r - a curare-tipped needle
 B - 6 tomahawks (quivered)
 G - 20 poisoned needles
Armour
 b - a +0 scale mail (worn)
 c - a +0 shield (worn)
 w - a +0 pair of gloves (worn)
 A - a +0 chain mail
 I - a +2 helmet (worn)
 K - a +0 cloak (worn)
Jewellery
 a - an uncursed ring of positive energy
 t - an amulet of rage (around neck)
 v - a +5 ring of slaying (left hand)
 P - a +4 ring of dexterity (right hand)
Magical devices
 q - a wand of magic darts (13)
 x - a wand of cold (2)
 F - a wand of flame (31)
 J - a wand of magic darts (16)
 U - a wand of digging (15)
 Y - a wand of slowing (5)
Scrolls
 n - 2 scrolls of immolation {unknown}
 s - 3 scrolls of remove curse {unknown}
 u - 2 scrolls of enchant weapon {unknown}
 z - 2 scrolls of enchant armour {unknown}
 C - a scroll of random uselessness {unknown}
 D - 2 scrolls of fear
 O - a scroll of summoning {unknown}
 Q - 2 scrolls of teleportation {unknown}
 T - a scroll of recharging
 X - a scroll of magic mapping {unknown}
Potions
 e - a potion of might
 f - 2 potions of haste {unknown}
 g - 3 potions of cure mutation
 i - 6 potions of restore abilities
 j - 2 potions of magic
 l - a potion of lignification {unknown}
 m - 4 potions of heal wounds
 H - 3 potions of curing
 L - a potion of cancellation
 R - a potion of ambrosia {unknown}
 V - a potion of invisibility
Books
 E - a book of Maledictions

   Spells                             Type                      Level
   a - Corona                         Hexes                        1
   b - Sure Blade                     Hexes/Charms                 2
   c - Ensorcelled Hibernation        Hexes/Ice                    2
   d - Confuse                        Hexes                        3
   e - Dazzling Spray                 Conjuration/Hexes            3
   f - Enslavement                    Hexes                        4
Miscellaneous
 k - a plain deck of wonders
Comestibles
 d - 3 meat rations
 o - 3 beef jerkies
 p - 5 bread rations
 M - a royal jelly
 S - 25 fruits


   Skills:
 - Level 6.6 Fighting
 - Level 10.3 Axes
 + Level 9.8 Armour
 + Level 2.4 Dodging
 + Level 9.9 Shields
 + Level 8.9 Invocations


You had 10 spell levels left.
You didn't know any spells.

Dungeon Overview and Level Annotations

Branches:
Dungeon (10/15)            Temple (1/1) D:7             Orc (0/4) D:9
   Lair: D:8-11

Altars:
Dithmenos
Fedhas
Gozag
Makhleb
Nemelex Xobeh
Okawaru
Sif Muna
Xom
Yredelemnul
Beogh

Shops:
D:9 [


Innate Abilities, Weirdness & Mutations

You can spit poison.


Message History

You destroy the hound zombie!
Makhleb accepts your kill. You block the necrophage's attack.
You hit the necrophage.
The necrophage convulses.
The necrophage is lightly damaged.
The shadow strikes at you from the darkness!
* * * LOW HITPOINT WARNING * * *
Reactivating autopickup.
You block the necrophage's attack.
You closely miss the necrophage.
The necrophage is lightly damaged.
You are feeling very hungry.
The shadow slips into darkness.
The shadow flickers and vanishes!
Deactivating autopickup; reactivate with Ctrl-A.
The necrophage hits you.
* * * LOW HITPOINT WARNING * * *
You feel your flesh start to rot away! x2
The shadow strikes at you from the darkness!
You die...

..........#.....###########......
#######...##.##..................
# ##..##.##............#####.
##.##.#######..###### #. #.##.###
#..##.# #< #.##.##. #.#..#W#.Z#
#. #.....#. #....#ZnZ# #.
#.##.##.####Z.####z# #.
#..#.##.@nzn.Z..+ .# #.
#..#.##{####..### .# #. ##....##.
....# # ###. # ##..##.##. .#..#.#
.... #######...##.### .##..# .#
###. .............# #..# ...
.......#.##### . #.# ##.......# #
#..##.### ### #


You could see 2 necrophages, a wight, a giant frog zombie and a trapdoor spider
zombie (wandering).

Vanquished Creatures
  Nergalle (D:10)
  The ghost of Psiweapon the Skirmisher, an average HOFi (D:4)
  2 trolls
  A two-headed ogre (D:8)
  2 flying skulls (D:10)
  A deep elf mage (D:10)
  2 hippogriffs
  A shadow (D:10)
  A hungry ghost (D:7)
  The ghost of Psiweapon the Insei, an average GrTm (D:5)
  2 orc warriors (D:8)
  2 phantoms
  3 sky beasts
  2 ice beasts
  6 ogres
  A centaur (D:9)
  2 giant frogs
  Blork the orc (D:4)
  A big kobold (D:9)
  A crocodile (D:9)
  2 scorpions (D:10)
  5 killer bees (D:8)
  11 wights
  A quasit (D:10)
  5 crimson imps
  2 goliath beetles
  A giant frog zombie (D:10)
  4 jellies (D:10)
  11 orc priests
  A centaur skeleton (D:5)
  2 giant frog skeletons
  5 hounds
  10 worker ants
  6 iguanas
  10 orc wizards
  2 killer bee zombies
  Ijyb (D:3)
  A hound zombie (D:10)
  Terence (D:3)
  6 hound skeletons
  7 gnolls
  2 shadow imps
  9 adders
  2 giant mites
  4 worms
  A goliath beetle zombie (D:10)
  2 adder skeletons
  38 orcs
  2 giant cockroaches
  10 goblins
  13 hobgoblins
  15 jackals
  5 ball pythons
  8 bats
  2 giant geckos
  A giant gecko skeleton (D:8)
  2 giant newts
  13 kobolds
  8 quokkas
  9 rats
  A spectral orc (D:10)
275 creatures vanquished.

Vanquished Creatures (others)
  A neqoxec (D:8)
1 creature vanquished.

Grand Total: 276 creatures vanquished

Notes
Turn   | Place    | Note
--------------------------------------------------------------
     0 | D:1      | Psiweapon, the Hill Orc Fighter, began the quest for the Orb.
     0 | D:1      | Reached XP level 1. HP: 19/19 MP: 1/1
   141 | D:1      | Reached XP level 2. HP: 21/27 MP: 2/2
   387 | D:2      | Found a sparkling altar of Nemelex Xobeh.
   421 | D:2      | Reached XP level 3. HP: 29/33 MP: 3/3
   634 | D:2      | Reached skill level 4 in Fighting
  1130 | D:3      | Reached XP level 4. HP: 32/40 MP: 4/4
  1533 | D:3      | Found a basalt altar of Yredelemnul.
  1534 | D:3      | Noticed Terence
  1540 | D:3      | Killed Terence
  1691 | D:3      | Noticed Ijyb
  1699 | D:3      | Killed Ijyb
  1699 | D:3      | Reached XP level 5. HP: 46/46 MP: 5/5
  1752 | D:5      | Entered Level 5 of the Dungeon
  1927 | D:4      | Noticed an ogre
  1931 | D:4      | Killed an ogre
  1931 | D:4      | Reached XP level 6. HP: 51/55 MP: 6/6
  1937 | D:4      | Noticed a phantom
  1974 | D:4      | Killed a phantom
  1974 | D:4      | Reached skill level 5 in Fighting
  1974 | D:4      | Reached skill level 5 in Armour
  2017 | D:4      | Noticed Blork the orc
  2024 | D:4      | Killed Blork the orc
  2024 | D:4      | Reached skill level 5 in Axes
  2024 | D:4      | Reached skill level 5 in Shields
  2162 | D:4      | Reached XP level 7. HP: 61/61 MP: 7/7
  2221 | D:4      | Noticed an ogre
  2222 | D:4      | Killed an ogre
  2434 | D:4      | Reached skill level 6 in Fighting
  2888 | D:4      | Noticed Psiweapon's ghost (average HOFi)
  2905 | D:4      | Killed Psiweapon's ghost
  2905 | D:4      | Reached XP level 8. HP: 65/71 MP: 8/8
  2918 | D:4      | Found a burning altar of Makhleb.
  2921 | D:4      | Found a deep blue altar of Sif Muna.
  2929 | D:4      | Became a worshipper of Makhleb the Destroyer
  3096 | D:4      | Noticed an ogre
  3102 | D:4      | Killed an ogre
  3102 | D:4      | Reached skill level 1 in Invocations
  3257 | D:5      | Noticed Psiweapon's ghost (average GrTm)
  3269 | D:5      | Killed Psiweapon's ghost
  3414 | D:5      | Found a sparkling altar of Nemelex Xobeh.
  3521 | D:5      | Got a smelly scale mail
  3522 | D:5      | Identified the -1 scale mail of a bazaar {rC+ Regen+ Int-3} (You found it on level 5 of the Dungeon)
  3546 | D:5      | Reached skill level 7 in Axes
  3760 | D:5      | Noticed a sky beast
  3769 | D:5      | Killed a sky beast
  3801 | D:5      | Acquired Makhleb's first power
  4028 | D:6      | Reached XP level 9. HP: 70/78 MP: 14/14
  4137 | D:6      | Found an iron altar of Okawaru.
  4218 | D:6      | Reached skill level 8 in Axes
  4461 | D:6      | Found an opulent altar of Gozag.
  4882 | D:7      | Acquired Makhleb's second power
  5168 | D:7      | Found a staircase to the Ecumenical Temple.
  5182 | Temple   | Entered the Ecumenical Temple
  5245 | D:7      | Found a shadowy altar of Dithmenos.
  5295 | D:7      | Reached skill level 5 in Invocations
  5743 | D:8      | Reached skill level 9 in Axes
  5848 | D:8      | Acquired Makhleb's third power
  5888 | D:8      | Reached XP level 10. HP: 36/84 MP: 20/20
  6582 | D:9      | Acquired Makhleb's fourth power
  6970 | D:9      | Reached skill level 10 in Axes
  7088 | D:9      | Found a shadowy altar of Dithmenos.
  7125 | D:9      | Found a staircase to the Orcish Mines.
  7192 | D:9      | Found a roughly hewn altar of Beogh.
  7368 | D:9      | Found Sejid's Antique Armour Boutique.
  7496 | D:10     | Entered Level 10 of the Dungeon
  7546 | D:10     | Acquired Makhleb's fifth power
  7649 | D:10     | Reached skill level 1 in Dodging
  7656 | D:10     | Gained mutation: You can spit poison. [mutagenic meat]
  7894 | D:10     | Noticed Nergalle
  7902 | D:10     | Killed Nergalle
  7915 | D:10     | Reached XP level 11. HP: 73/91 MP: 23/23
  8122 | D:10     | Noticed a skeletal warrior
  8142 | D:10     | Noticed a skeletal warrior
  8161 | D:10     | Mangled by a shadow

Action                   |  1- 3 |  4- 6 |  7- 9 | 10-12 || total
-------------------------+-------+-------+-------+-------++-------
Melee: War axe           |    87 |    95 |   306 |     8 ||   496
       Flail             |       |       |    20 |    40 ||    60
       Broad axe         |       |       |       |   177 ||   177
 Fire: Blowgun           |       |       |       |     7 ||     7
Throw: Tomahawk          |       |    11 |    10 |    13 ||    34
Invok: Minor Destruction |       |       |    38 |     5 ||    43
       Major Destruction |       |       |       |    11 ||    11
       Lesser Servant of |       |       |       |     1 ||     1
 Abil: Spit Poison       |       |       |       |     1 ||     1
Evoke: Wand              |       |     2 |     2 |     5 ||     9
  Use: Scroll            |       |     4 |     5 |     6 ||    15
       Potion            |       |       |       |     1 ||     1
  Eat: Chunk             |       |     4 |    13 |     8 ||    25
       Fruit             |       |       |     1 |       ||     1
       Beef jerky        |       |       |       |     1 ||     1
